 Dungeon Crawl Stone Soup version 0.29-a0-275-g389c0b56f3 (webtiles) character file.

Game seed: 2714989367382685721

236 sammy202020 the Skirmisher (level 5, -1/44 HPs)
             Began as a Palentonga Fighter on Mar 8, 2022.
             Slain by an orc
             ... wielding a +0 trident
              (7 damage)
             ... on level 3 of the Dungeon on Mar 9, 2022.
             The game lasted 00:05:47 (3182 turns).

sammy202020 the Skirmisher (Palentonga Fighter)     Turns: 3182, Time: 00:05:48

Health: -1/44      AC:  8    Str: 19    XL:     5   Next: 77%
Magic:  5/5        EV:  5    Int: 11    God:
Gold:   143        SH:  5    Dex:  9    Spells: 4/4 levels left

rFire   . . .      SeeInvis +   a - +1 flail
rCold   . . .      Faith    .   c - +1 buckler
rNeg    . . .      Spirit   .   l - +0 chain mail
rPois   .          Reflect  .   (no helmet)
rElec   .          Harm     .   (no cloak)
rCorr   .          Rampage  .   (no gloves)
Will    .....                   (no barding)
Stlth   ..........              (no amulet)
HPRegen 0.14/turn               (no ring)
MPRegen 0.09/turn               (no ring)

@: mighty
A: large, rugged brown scales 3, see invisible, deformed body, roll 1, armoured
tail
a: Rolling Charge


You were on level 3 of the Dungeon.
You visited 1 branch of the dungeon, and saw 3 of its levels.

You collected 143 gold pieces.

Inventory:

Hand Weapons
 a - a +1 flail (weapon)
Missiles
 k - a throwing net
Armour
 c - a +1 buckler (worn)
 l - a +0 chain mail (worn)
Scrolls
 e - 2 scrolls of noise
 f - a scroll of teleportation {unknown}
 h - a scroll of holy word {unknown}
Potions
 b - 2 potions of curing
 g - a potion of lignification
 i - a potion of invisibility
 n - a potion of mutation {unknown}
 o - a potion of berserk rage {unknown}


   Skills:
 * Level 4.1 Fighting
 * Level 3.4 Maces & Flails
 * Level 3.3 Armour
 + Level 0.7 Dodging
 * Level 3.3 Shields


You had 4 spell levels left.
You didn't know any spells.
Your spell library contained the following spells:

 Spells                   Type           Power      Damage    Failure   Level
 Beastly Appendage        Tmut           0%         N/A       99%         1
 Wereblood                Tmut           0%         N/A       100%        2
 Spider Form              Tmut/Pois      0%         N/A       100%        3


Dungeon Overview and Level Annotations

Branches:
Dungeon (3/15)

Altars:
Hepliaklqana
Beogh


Innate Abilities, Weirdness & Mutations

You are completely covered in rugged brown scales. (AC +3, +7% HP)
You have supernaturally acute eyesight. (SInv)
Armour fits poorly on your strangely shaped body.
You can roll at nearby foes to attack.
You have a long armoured tail.


Message History

The orc hits you with a +1 short sword of speed.
* * * LOW HITPOINT WARNING * * *
The orc barely misses you.
The orc hits you with a +1 short sword of speed.
* * * LOW HITPOINT WARNING * * *
You miss the orc.
Your tail-slap misses the orc.
The orc hits you from afar with a +0 trident.
* * * LOW HITPOINT WARNING * * *
The orc hits you with a +1 short sword of speed.
* * * LOW HITPOINT WARNING * * *
The orc hits you but does no damage.
The orc hits you from afar with a +0 trident!
* * * LOW HITPOINT WARNING * * *
You miss the orc.
Your tail-slap misses the orc.
You feel less invigorated.
You feel less confused. The orc hits you but does no damage.
The orc hits you from afar with a +0 trident.
* * * LOW HITPOINT WARNING * * *
The orc hits you but does no damage.
The orc hits you with a +1 short sword of speed.
* * * LOW HITPOINT WARNING * * *
You bludgeon the orc!!
You kill the orc!
The orc hits you with a +1 short sword of speed.
* * * LOW HITPOINT WARNING * * *
The orc hits you from afar with a +0 trident.
* * * LOW HITPOINT WARNING * * *
Okay, then.
Okay, then.
You feel better.
The orc hits you from afar with a +0 trident.
* * * LOW HITPOINT WARNING * * *
You block the orc's attack.
You closely miss the orc.
The orc hits you from afar with a +0 trident.
* * * LOW HITPOINT WARNING * * *
The orc hits you but does no damage. The orc completely misses you.
You closely miss the orc.
The orc hits you from afar with a +0 trident!
You die...

..# ##....<......#
..# #.########8..#
..# #.#8.....#...#
..###.#..##..#...#
....#.#..8#..#...#
..#...#..##..#..##
..###.#....#)#..##
..# #.#[...#.).).#
..###.#_)8.#.'o.@#
#..##.#[...#.'..o#
##!#..#....#.#...#
#...>#..##..#...#
##...#..8#..#..##
##..#..##[.#..#
#..#8.....#..#
#..########8.#
#...# ####


You could see 2 orcs.

Vanquished Creatures
  The ghost of snackwell the Ruffian, an amateur NaTm (D:3)
  A jelly (D:3)
  5 adders
  A worm (D:3)
  A dart slug (D:1)
  3 orcs (D:3)
  A bat (D:1)
  3 giant cockroaches
  10 goblins
  6 hobgoblins
  4 jackals (D:2)
  5 kobolds
  7 quokkas
  3 ball pythons
  4 frilled lizards
  5 rats
  A bush (D:1)
61 creatures vanquished.

Vanquished Creatures (others)
  3 plants (D:1)
3 creatures vanquished.

Grand Total: 64 creatures vanquished

Notes
Turn   | Place    | Note
-------+----------+-------------------------------------------
     0 | D:1      | sammy202020 the Palentonga Fighter began the quest for the
                  | Orb.
     0 | D:1      | Reached XP level 1. HP: 19/19 MP: 1/1
   413 | D:1      | Reached XP level 2. HP: 22/25 MP: 2/2
  1037 | D:1      | Upgraded the game from 0.29-a0-270-g1586fc07ea to
                  | 0.29-a0-275-g389c0b56f3
  1410 | D:2      | Found a hazy altar of Hepliaklqana.
  1444 | D:2      | Reached XP level 3. HP: 29/31 MP: 3/3
  2403 | D:2      | Reached XP level 4. HP: 37/37 MP: 4/4
  2740 | D:3      | Found a faded altar of an unknown god.
  2938 | D:3      | Reached XP level 5. HP: 41/44 MP: 5/5
  2995 | D:3      | Found a runed translucent gate.
  2996 | D:3      | Found a runed translucent gate.
  2996 | D:3      | Identified the +1 leather armour of Ywoh {rElec rF+ Str+5}
  2996 | D:3      | Noticed snackwell's ghost (amateur NaTm)
  2997 | D:3      | Found a runed translucent gate.
  3168 | D:3      | Killed snackwell's ghost
  3169 | D:3      | Reached skill level 4 in Fighting
  3171 | D:3      | HP: 1/44 [orc/+0 trident (2)]
  3176 | D:3      | HP: 2/44 [orc/+0 trident (8)]
  3182 | D:3      | Slain by an orc

Illustrated notes

Levels and vault maps discovered:
D:1:      psy_arrival_heroes, layout_loops_corners, serial_forest,
          infiniplex_forest_lined_corner, infiniplex_forest_fountain,
          infiniplex_forest_lined_3_way, infiniplex_forest_straight_5,
          infiniplex_forest_straight_4, infiniplex_forest_end_3,
          minmay_crystal_water
D:2:      layout_loops_ring, basic_altar
D:3:      layout_rooms, biasface_ghost_orc_armoury,
          ebering_ecumenical_altar_sacrificial

Skill      XL: |  1  2  3  4  5 |
---------------+----------------+-----
Shields        | 3 |  3.3
Maces & Flails | 3 |  3.4
Armour         | 3 |  3.3
Fighting       | 4 |  4.1
Dodging        | |  0.7

Action                   |  1- 3 |  4- 6 || total
-------------------------+-------+-------++-------
Melee: Flail             |   180 |    49 ||   229
       Tailslap          |    28 |     3 ||    31
  Use: Scroll            |     7 |     6 ||    13
       Potion            |       |     3 ||     3
Armor: Scale mail        |    34 |       ||    34
       Chain mail        |    41 |    56 ||    97
Dodge: Dodged            |    45 |    30 ||    75
Block: Buckler           |    38 |    10 ||    48

Table legend: (Time is in decaauts)
 A = Elapsed time spent in this place.
 B = Non-inter-level travel time spent in this place.
 C = Inter-level travel time spent in this place.
 D = Time resting spent in this place.
 E = Time spent auto-exploring this place.
 F = Levels seen in this place.
 G = Mean time per level.
                   A        B        C        D        E       F      G
               +--------+--------+--------+--------+--------+-----+--------+
         Total |   3253 |   3147 |    106 |      0 |   2521 |   3 | 1084.3 |
       Dungeon |   3253 |   3147 |    106 |      0 |   2521 |   3 | 1084.3 |
               +--------+--------+--------+--------+--------+-----+--------+

Top non-repeatable levels by time:
     D:1: 1446 daAuts
     D:2: 1074 daAuts
     D:3: 732 daAuts
